 Dungeon Sprint DCSS version 0.30-a0-39-g42789b21ef (webtiles) character file.

Game seed: 3904981069498884276

842 mhtbhm the Basher (level 7, -3/79 HPs)
             Began as a Troll Berserker on Aug 28, 2022.
             Was a High Priest of Trog.
             Slain by a vampire (12 damage)
             ... in the Dungeon (Sprint IX: "|||||||||||||||||||||||||||||").
             The game lasted 00:01:05 (207 turns).

mhtbhm the Basher (Troll Berserker)                  Turns: 207, Time: 00:01:05

Health: -3/79      AC:  5    Str: 28    XL:     7   Next: 67%
Magic:  6/6        EV: 13    Int:  6    God:    Trog [*****.]
Gold:   0          SH:  0    Dex:  9    Spells: 6/6 levels left

rFire   . . .      SeeInvis .    a - +2 morningstar (vorpal)
rCold   . . .      Faith    .    (no shield)
rNeg    . . .      Spirit   .    b - +0 animal skin
rPois   .          Reflect  .    (helmet restricted)
rElec   .          Harm     .    k - +0 cloak
rCorr   .          Rampage  .    (gloves unavailable)
Will    .....      NoTele   +    (boots unavailable)
Stlth   +.........               (no amulet)
HPRegen 1.03/turn                l - +2 ring of evasion
MPRegen 0.10/turn                m - +3 ring of intelligence

@: no status effects
A: large, unfitting armour, claws 3, regeneration 1, shaggy fur 1, tough skin 1
a: Renounce Religion, Berserk, Trog's Hand, Brothers in Arms


You were in the Dungeon.
You worshipped Trog.
Trog was extremely pleased with you.
You visited 1 branch

Inventory:

Hand Weapons
 a - a +2 vorpal morningstar (weapon)
Armour
 b - a +0 animal skin (worn)
 k - a +0 cloak (worn)
Jewellery
 l - a +2 ring of evasion (left claw)
 m - a +3 ring of intelligence (right claw)
Wands
 j - a wand of iceblast (10)
Scrolls
 h - a scroll of blinking
Potions
 c - 5 potions of curing
 d - a potion of invisibility
 f - 4 potions of magic
 g - a potion of berserk rage
 i - a potion of heal wounds


   Skills:
 + Level 7.8 Fighting
 + Level 11.2 Maces & Flails
 + Level 7.5 Dodging


You had 6 spell levels left.
You didn't know any spells.
Your spell library was empty.

Dungeon Overview and Level Annotations

Branches:
Dungeon (1/1)

Altars:
Cheibriados
Dithmenos
Elyvilon
Fedhas
Gozag
Hepliaklqana
Kikubaaqudgha
Makhleb
Nemelex Xobeh
Okawaru
Qazlal
Ru
Sif Muna
Trog
Uskayaw
Vehumet
Wu Jian
Xom
Yredelemnul
Zin
The Shining One
Jiyva
Lugonu


Innate Abilities, Weirdness & Mutations

You are too large for most types of armour.
You have claws for hands.
Your natural rate of healing is unusually fast.
You are covered in fur. (AC +1)
You have tough skin. (AC +1)


Message History

The kobold demonologist hits you with a +0 dagger.
You barely miss the kobold demonologist.
The kobold demonologist hits you with a +0 dagger.
You impale the kobold demonologist!!
The kobold demonologist is heavily wounded.
The kobold demonologist hits you with a +0 dagger.
You puncture the kobold demonologist!
The kobold demonologist is almost dead.
The kobold demonologist mumbles some strange words.
You closely miss the kobold demonologist.
The kobold demonologist is almost dead.
The kobold demonologist hits you but does no damage.
The hellwing hits you.
The hellwing hits you but does no damage.
You puncture the kobold demonologist!
You kill the kobold demonologist!
Trog accepts your kill.
Trog will now gift you melee weapons as you gain piety.
Trog appreciates your killing of a magic user.
The iron imp disappears in a puff of smoke!
The hellwing disappears in a puff of smoke!
Your Maces & Flails skill increases to level 11!
Unknown command.
You miss something. Something barely misses you. Something bites you!
Something draws strength from your injuries!
You barely miss something. Something hits you. Something bites you.
Something draws strength from your injuries!
You closely miss something. Something hits you. Something bites you!
Something draws strength from your injuries!
You closely miss something. You barely miss something. Something hits you!
Something bites you!
* * * LOW HITPOINT WARNING * * *
Something draws strength from your injuries!
You puncture something! Your claw misses something. Something hits you.
* * * LOW HITPOINT WARNING * * *
Something bites you.
* * * LOW HITPOINT WARNING * * *
Something draws strength from your injuries!
You barely miss something. Something hits you!
You die...

▓▓▓
▓<▓
▓.▓
▓.▓
▓.▓
▓@▓
▓{▓
▓.▓
▓.▓
▓.▓
▓.▓
▓'▓
▓)▓
▓.▓


There were no monsters in sight!

Vanquished Creatures
  A kobold demonologist (D)
  A wyvern (D)
  A steam dragon (D)
  An orc warrior (D)
  A kobold brigand (D)
  A gnoll sergeant (D)
  A scorpion (D)
  2 adders (D)
  An orc (D)
  A bat (D)
  2 endoplasms (D)
  A hobgoblin (D)
  A goblin (D)
15 creatures vanquished.

Notes
Turn   | Place    | Note
-------+----------+-------------------------------------------
     0 | D        | mhtbhm the Troll Berserker began the quest for the Orb.
     0 | D        | Reached XP level 1. HP: 22/22 MP: 0/0
     7 | D        | Reached skill level 3 in Maces & Flails
    11 | D        | Reached ** piety under Trog
    27 | D        | Noticed a gnoll sergeant
    27 | D        | Noticed a scorpion
    33 | D        | Killed a gnoll sergeant
    34 | D        | Reached skill level 5 in Maces & Flails
    34 | D        | Reached XP level 2. HP: 32/32 MP: 1/1
    34 | D        | Reached XP level 3. HP: 39/39 MP: 2/2
    35 | D        | Reached *** piety under Trog
    36 | D        | Reached XP level 4. HP: 48/48 MP: 3/3
    39 | D        | Killed a scorpion
    40 | D        | Reached skill level 6 in Maces & Flails
    40 | D        | Reached skill level 5 in Dodging
    42 | D        | Reached skill level 5 in Fighting
    42 | D        | Reached XP level 5. HP: 47/57 MP: 4/4
    50 | D        | Found a snail-covered altar of Cheibriados.
    50 | D        | Found a shadowy altar of Dithmenos.
    50 | D        | Found a white marble altar of Elyvilon.
    50 | D        | Found a blossoming altar of Fedhas.
    50 | D        | Found an opulent altar of Gozag.
    51 | D        | Found a hazy altar of Hepliaklqana.
    52 | D        | Found a viscous altar of Jiyva.
    53 | D        | Found an ancient bone altar of Kikubaaqudgha.
    54 | D        | Found a corrupted altar of Lugonu.
    55 | D        | Found a burning altar of Makhleb.
    56 | D        | Found a sparkling altar of Nemelex Xobeh.
    57 | D        | Found an iron altar of Okawaru.
    58 | D        | Found a stormy altar of Qazlal.
    59 | D        | Found a sacrificial altar of Ru.
    60 | D        | Found a shimmering blue altar of Sif Muna.
    61 | D        | Found a bloodstained altar of Trog.
    62 | D        | Found a hide-covered altar of Uskayaw.
    63 | D        | Found a radiant altar of Vehumet.
    64 | D        | Found an ornate altar of the Wu Jian Council.
    65 | D        | Found a shimmering altar of Xom.
    66 | D        | Found a basalt altar of Yredelemnul.
    67 | D        | Found a glowing silver altar of Zin.
    68 | D        | Found a glowing golden altar of the Shining One.
   103 | D        | Noticed a steam dragon
   103 | D        | Noticed an orc warrior
   103 | D        | Noticed a wyvern
   103 | D        | Noticed a kobold demonologist
   103 | D        | Noticed a vampire
   107 | D        | Killed a steam dragon
   107 | D        | Reached **** piety under Trog
   108 | D        | Reached skill level 8 in Maces & Flails
   108 | D        | Reached XP level 6. HP: 67/67 MP: 5/5
   121 | D        | Killed an orc warrior
   122 | D        | Reached skill level 9 in Maces & Flails
   123 | D        | Noticed a ynoxinul
   125 | D        | Killed a wyvern
   126 | D        | Reached skill level 10 in Maces & Flails
   126 | D        | Reached XP level 7. HP: 11/78 MP: 6/6
   127 | D        | Noticed a hellwing
   199 | D        | Noticed a hellwing
   200 | D        | Killed a kobold demonologist
   200 | D        | Reached ***** piety under Trog
   201 | D        | Reached skill level 11 in Maces & Flails
   207 | D        | Slain by a vampire

Illustrated notes

Levels and vault maps discovered:
D:        linesprint [early_d, line_temple, items_1, d_10, items_2, lair_1,
          lair_end, items_3, orc_1, orc_end, items_4, d_15, swamp_1, shoals_1,
          snake_1, spider_1, d_20, vaults_1, items_5, swamp_end, shoals_end,
          snake_end, spider_end, vaults_end, d_27, items_6, zot_1, zot_end,
          crypt_end, forest_end, elf_end, slime_end, tomb_end, abyss_end,
          pan_hell_end]

Skill      XL: |  1  2  3  4  5  6  7 |
---------------+----------------------+-----
Maces & Flails | 5 6 8 10 11 | 11.2
Fighting       | 4 5 7 |  7.8
Dodging        | 4 5 6 7 |  7.5

Action                   |  1- 3 |  4- 6 |  7- 9 || total
-------------------------+-------+-------+-------++-------
Melee: Mace              |    22 |     9 |       ||    31
       Morningstar       |       |    19 |    21 ||    40
       Punch             |       |       |     1 ||     1
Invok: Berserk           |     1 |     1 |       ||     2
  Use: Potion            |     1 |       |     2 ||     3
       Scroll            |       |       |     1 ||     1
Armor: Animal skin       |     5 |     4 |     4 ||    13
Dodge: Dodged            |    13 |     5 |     3 ||    21

Table legend: (Time is in decaauts)
 A = Elapsed time spent in this place.
 B = Non-inter-level travel time spent in this place.
 C = Inter-level travel time spent in this place.
 D = Time resting spent in this place.
 E = Time spent auto-exploring this place.
 F = Levels seen in this place.
 G = Mean time per level.
                   A        B        C        D        E       F      G
               +--------+--------+--------+--------+--------+-----+--------+
         Total |    210 |    210 |      0 |     11 |      3 |   1 |  210.0 |
       Dungeon |    210 |    210 |      0 |     11 |      3 |   1 |  210.0 |
               +--------+--------+--------+--------+--------+-----+--------+

Top non-repeatable levels by time:
       D: 210 daAuts
